 Dungeon Crawl Stone Soup version 0.31.0-32-g396128a36d (webtiles) character file.

Game seed: 5680152607656792029

882 PaiMei the Purveyor of Pain (level 7, -4/54 HPs)
             Began as a Demonspawn Necromancer on Apr 2, 2024.
             Was an Initiate of Kikubaaqudgha.
             Slain by an orc priest
             ... wielding a +0 flail
              (7 damage)
             ... on level 6 of the Dungeon.
             The game lasted 00:06:38 (5697 turns).

PaiMei the Purveyor of Pain (DsNe)                  Turns: 5697, Time: 00:06:38

Health: -4/54      AC:  9    Str: 14    XL:     7   Next: 76%
Magic:  7/13       EV: 14    Int: 18    God:    Kikubaaqudgha [......]
Gold:   240        SH:  0    Dex: 19    Spells: 10/14 levels left

rFire   . . .        f - +2 hand axe (elec)
rCold   . . .        (no shield)
rNeg    . . .        a - +0 robe
rPois   .            (no helmet)
rElec   .            (no cloak)
rCorr   .            (no gloves)
SInv    .            m - +0 pair of boots
Will    .....        (no amulet)
Stlth   ++           g - +6 ring of dexterity
HPRegen 0.29/turn    w - +6 ring of strength
MPRegen 0.13/turn

%: no passive effects
@: sanguine armoured
A: claws 2, sanguine armour 1
a: Renounce Religion


You were on level 6 of the Dungeon.
You worshipped Kikubaaqudgha.
Kikubaaqudgha was noncommittal.
You visited 1 branch of the dungeon, and saw 6 of its levels.

You collected 240 gold pieces.

Inventory:

Hand Weapons
 c - a +2 short sword of protection
 f - a +2 hand axe of electrocution (weapon)
 r - a +1 whip of freezing
Missiles
 n - 2 poisoned darts
 q - 4 curare-tipped darts (quivered)
Armour
 a - a +0 robe (worn)
 m - a +0 pair of boots (worn)
 x - a +0 buckler
Jewellery
 g - a +6 ring of dexterity (left claw)
 w - a +6 ring of strength (right claw)
Scrolls
 h - a scroll of teleportation {unknown}
 i - 2 scrolls of noise {unknown}
 k - 5 scrolls of identify {unknown}
 p - a scroll of silence {unknown}
 t - a scroll of amnesia {unknown}
 u - a scroll of immolation {unknown}
 v - a scroll of fog {unknown}
Potions
 b - 2 potions of magic
 d - 5 potions of curing {unknown}
 e - a potion of heal wounds {unknown}
 j - a potion of mutation {unknown}
 l - 4 potions of brilliance {unknown}
 o - a potion of enlightenment {unknown}
 s - a potion of degeneration {unknown}


   Skills:
 + Level 4.0 Fighting
 + Level 4.3 Dodging
 - Level 2.0 Stealth
 + Level 4.4 Spellcasting
 + Level 6.5 Necromancy


You had 10 spell levels left.
You knew the following spells:

 Your Spells              Type           Power      Damage    Failure   Level
a - Necrotise             Necr           100%       1d9       1%          1
b - Vampiric Draining     Necr           27%        2d7       3%          3

Your spell library contained the following spells:

 Spells                   Type           Power      Damage    Failure   Level
 Animate Dead             Necr           27%        N/A       10%         4
 Magic Dart               Conj           16%        1d3       14%         1
 Blink                    Tloc           8%         N/A       22%         2
 Call Imp                 Summ           8%         N/A       22%         2
 Curse of Agony           Necr           27%        N/A       26%         5
 Tukima's Dance           Hex            4%         N/A       38%         3
 Passage of Golubria      Tloc           4%         N/A       80%         4
 Yara's Violent Unravell  Hex/Alch       2%         3d3       98%         5


Dungeon Overview and Level Annotations

Branches:
Dungeon (6/15)
 Temple: D:4-7

Altars:
Ashenzari
Hepliaklqana
Kikubaaqudgha


Innate Abilities, Weirdness & Mutations

You have very sharp fingernails.
When seriously injured, your blood forms armour. (AC +6)


Message History

Confirm with . or Enter, or press ? or * to list all spells.
You can't see any susceptible monsters within range! (Use Z to cast anyway.)
You barely miss something.
You hear some strange, mumbled words.
You are confused.
The orc priest invokes the aid of Beogh against you.
Beogh smites you!
Your blood congeals into armour.
You're too confused to cast spells.
You bump into the rock wall.
Something hits you.
The orc priest calls down the wrath of Beogh upon you.
Beogh smites you!
You're too confused to cast spells.
You hit something. Kikubaaqudgha accepts your kill.
Reactivating autopickup.
You feel a bit more experienced.
You're too confused to cast spells.
You're too confused to cast spells.
You're too confused to cast spells.
You're too confused to cast spells.
You're too confused to cast spells.
You closely miss the orc priest.
The orc priest invokes the aid of Beogh against you.
Pain shoots through your body!
* * * LOW HITPOINT WARNING * * *
The orc priest hits you with a +0 flail.
* * * LOW HITPOINT WARNING * * *
You're too confused to move!
The orc priest mumbles some strange prayers to Beogh against you.
Pain shoots through your body!
* * * LOW HITPOINT WARNING * * *
You are too confused!
Unknown command.
You hit the orc priest but do no damage.
The orc priest barely misses you.
You bump into the rock wall.
You feel less confused.
The orc priest hits you with a +0 flail!
You die...
Kikubaaqudgha rasps: "You have failed me!
Welcome... death!"

###
#@#
#o#
#.#
#.#
#.#
#.#
#.#
#.#


You could see an orc priest.

Vanquished Creatures
  A water moccasin (D:5)
  An ogre (D:5)
  A bullfrog (D:4)
  4 scorpions
  A bombardier beetle (D:5)
  2 hounds (D:5)
  An orc priest (D:4)
  A jelly (D:5)
  An orc wizard (D:6)
  A gnoll (D:1)
  9 adders
  2 white imps (D:5)
  2 ufetubi (D:5)
  4 ribbon worms
  3 dart slugs
  4 orcs
  4 ball pythons
  9 bats
  6 endoplasms
  4 giant cockroaches
  8 goblins
  7 hobgoblins
  3 jackals (D:2)
  3 quokkas
  3 frilled lizards (D:1)
  6 kobolds
  4 rats
95 creatures vanquished.

Vanquished Creatures (collateral kills)
  A dart slug (D:1)
  An endoplasm (D:3)
  2 goblins (D:2)
4 creatures vanquished.

Grand Total: 99 creatures vanquished

Notes
Turn   | Place    | Note
-------+----------+-------------------------------------------
     0 | D:1      | PaiMei the Demonspawn Necromancer began the quest for the
                  | Orb.
     0 | D:1      | Reached XP level 1. HP: 13/13 MP: 3/3
   119 | D:1      | Gained mutation: You have sharp fingernails. [demonic
                  | ancestry]
   119 | D:1      | Reached XP level 2. HP: 19/19 MP: 0/5
   407 | D:1      | Reached XP level 3. HP: 10/25 MP: 0/6
   936 | D:2      | Reached skill level 1 in Fighting
  1548 | D:2      | Gained mutation: When seriously injured, your blood forms
                  | armour. (AC +6) [demonic ancestry]
  1548 | D:2      | Reached XP level 4. HP: 32/32 MP: 3/7
  2034 | D:3      | Reached skill level 5 in Necromancy
  2335 | D:3      | Found an ancient bone altar of Kikubaaqudgha.
  2340 | D:3      | Became a worshipper of Kikubaaqudgha
  2954 | D:4      | Reached XP level 5. HP: 25/38 MP: 5/9
  3783 | D:4      | Reached XP level 6. HP: 41/46 MP: 7/11
  3789 | D:4      | Learned a level 3 spell: Vampiric Draining
  3976 | D:5      | Entered Level 5 of the Dungeon
  4395 | D:5      | Reached skill level 6 in Necromancy
  4395 | D:5      | Gained mutation: You have very sharp fingernails. [demonic
                  | ancestry]
  4395 | D:5      | Reached XP level 7. HP: 52/52 MP: 5/12
  4733 | D:5      | Found a hazy altar of Hepliaklqana.
  4925 | D:5      | Found a broken altar of Ashenzari.
  5695 | D:6      | HP: 2/54 [orc priest/nerve-wracking pain (11)]
  5697 | D:6      | Slain by an orc priest

Illustrated notes

Levels and vault maps discovered:
D:1:      dpeg_arrival_tiny_j, layout_rooms, minmay_cupped
D:2:      layout_basic
D:3:      layout_loops_ring, marbit_many_paths, serial_glass, glass_columns_b,
          glass_columns_b, glass_columns_a, glass_columns_a, glass_columns_c,
          glass_columns_b, glass_columns_b, glass_columns_a, glass_columns_a,
          glass_columns_b, glass_columns_c, glass_columns_a, glass_columns_b,
          glass_columns_b
D:4:      layout_loops_corners
D:5:      layout_loops_corners, nicolae_ashenzari_skybound,
          nicolae_overflow_crystal_walls, chequers_avenue
D:6:      layout_basic, gup_sewer_entry_spiral, st_stairs_8, nicolae_sextant

Skill      XL: |  1  2  3  4  5  6  7 |
---------------+----------------------+-----
Stealth        | 2 |  2.0
Dodging        | 2 3 4 |  4.3
Fighting       | 1 2 3 4 |  4.0
Necromancy     | 5 6 |  6.5
Spellcasting   | 3 4 |  4.4

Action                     |  1- 3 |  4- 6 |  7- 9 || total
---------------------------+-------+-------+-------++-------
  Melee: Short sword       |    24 |       |       ||    24
         Hand axe          |    20 |    30 |    24 ||    74
   Cast: Necrotise         |    65 |    86 |    16 ||   167
         Vampiric Draining |       |     6 |     8 ||    14
 Armour: Robe              |    32 |    20 |    34 ||    86
  Dodge: Dodged            |    64 |    48 |    26 ||   138
